NYP
LOS ANGELES (NYP) DODGERS @ BROOKLYN CYCLONES
09/14/2045
 
TOP OF THE 1ST
Los Angeles (NYP) Dodgers batting - Pitching for Brooklyn Cyclones : RHP Nate LaCava
Pitching: RHP Nate LaCava
Batting: RHB Roberto Monzon 0-0: Ball
1-0: Called Strike
1-1: Called Strike
1-2: Ball
2-2: Foul Ball, location: 2F
2-2: Hit by Pitch
Batting: RHB Mike Dodson 0-0: Ball
1-0: Called Strike
1-1: Ball
2-1: Ball
Roberto Monzon steals 2nd base (no throw)
3-1: Foul Ball, location: 2F
3-2: Fly out, F8 (Flyball, 8LD, EV 81.9 MPH)
Batting: LHB Antonio Fierros 0-0: Called Strike
0-1: Ball
1-1: Swinging Strike
1-2: Ball
2-2: Foul Ball, location: 2F
2-2: Ground out 4-3 (Groundball, 34, EV 100.6 MPH)
Roberto Monzon to third
Batting: SHB Justin Toth 0-0: Swinging Strike
0-1: Called Strike
0-2: Strikes out swinging
Top of the 1st over - 0 runs, 0 hits, 0 errors, 1 left on base; Los Angeles (NYP) 0 - Brooklyn 0
BOTTOM OF THE 1ST
Brooklyn Cyclones batting - Pitching for Los Angeles (NYP) Dodgers : LHP Mario Arango
Pitching: LHP Mario Arango
Batting: LHB Tom Prayer 0-0: Called Strike
0-1: Ball
1-1: Bunt missed!
1-2: Foul Ball, location: 2F
1-2: Ball
2-2: Foul Ball, location: 2F
2-2: Foul Ball, location: 2F
2-2: Fly out, F9 (Flyball, 89S, EV 91.9 MPH)
Batting: RHB Victor Roca 0-0: Ball
1-0: Ball
2-0: Ground out 1-3 (Groundball, 25, EV 70.6 MPH)
Batting: SHB Alex Cavazos 0-0: Ball
1-0: Fly out, F6 (Flyball, 56D, EV 90.6 MPH)
Bottom of the 1st over - 0 runs, 0 hits, 0 errors, 0 left on base; Los Angeles (NYP) 0 - Brooklyn 0
TOP OF THE 2ND
Los Angeles (NYP) Dodgers batting - Pitching for Brooklyn Cyclones : RHP Nate LaCava
Batting: RHB Jonathan Kirsch 0-0: Ball
1-0: Ground out 5-3 (Groundball, 56, EV 90.6 MPH)
Batting: LHB Nate Kee 0-0: Foul Ball, location: 2F
0-1: Ball
1-1: Foul Ball, location: 2F
1-2: Ball
2-2: SINGLE (Line Drive, 34D, EV 109.4 MPH)
Batting: RHB Justin Curran 0-0: Ball
Nate Kee is caught stealing 2nd base 2-4
1-0: Foul Ball, location: 2F
1-1: Ball
2-1: Called Strike
2-2: Ball
3-2: Strikes out swinging
Top of the 2nd over - 0 runs, 1 hit, 0 errors, 0 left on base; Los Angeles (NYP) 0 - Brooklyn 0
BOTTOM OF THE 2ND
Brooklyn Cyclones batting - Pitching for Los Angeles (NYP) Dodgers : LHP Mario Arango
Batting: RHB Tomas Raya 0-0: Ball
1-0: Ball
2-0: Ball
3-0: Base on Balls
Batting: RHB David Kunze 0-0: Called Strike
0-1: Ball
1-1: Foul Ball, location: 2F
1-2: Foul Ball, location: 2F
1-2: Ball
2-2: Ball
3-2: Foul Ball, location: 2F
3-2: Foul Ball, location: 2F
3-2: Fly out, F8 (Flyball, 8LS, EV 91.2 MPH)
Batting: RHB Chris Artz 0-0: Ball
1-0: Ball
Tomas Raya steals 2nd, throwing error, E2
Tomas Raya to third
2-0: Ball
3-0: Base on Balls
Batting: RHB Mike Hanks 0-0: Foul Ball, location: 2F
0-1: Ball
1-1: Ball
Wild Pitch!
Tomas Raya scores
Chris Artz to second
2-1: Swinging Strike
2-2: Ground out 6-3 (Groundball, 6, EV 105.6 MPH)
Batting: RHB Louwe Starmans 0-0: Ball
1-0: Ground out 5-3 (Groundball, 5L, EV 95.6 MPH)
Bottom of the 2nd over - 1 run, 0 hits, 1 error, 1 left on base; Los Angeles (NYP) 0 - Brooklyn 1
TOP OF THE 3RD
Los Angeles (NYP) Dodgers batting - Pitching for Brooklyn Cyclones : RHP Nate LaCava
Batting: RHB Joel Escalera 0-0: Hit by Pitch
Batting: SHB Josh Vaill 0-0: Foul Ball, location: 2F
0-1: Ball
1-1: Ball
2-1: Swinging Strike
2-2: Foul Ball, location: 2F
2-2: Foul Ball, location: 2F
2-2: Fielders Choice at 2nd, 3-6 (Groundball, 34, EV 109.4 MPH)
Batting: RHB Roberto Monzon 0-0: Called Strike
0-1: Swinging Strike
0-2: Hit by Pitch
Josh Vaill to second
Batting: RHB Mike Dodson 0-0: Ball
1-0: Foul Ball, location: 2F
1-1: Ball
2-1: Ball
3-1: Reached via error on a dropped throw from SS, E4 (Groundball, 6, EV 86.2 MPH)
Josh Vaill to third
Roberto Monzon to second
Batting: LHB Antonio Fierros 0-0: Ball
1-0: Called Strike
1-1: Called Strike
1-2: Ball
2-2: Strikes out looking
Batting: SHB Justin Toth 0-0: Foul Ball, location: 2F
0-1: Ball
1-1: Called Strike
1-2: Ground out U3 (Groundball, 3S, EV 80.6 MPH)
Top of the 3rd over - 0 runs, 0 hits, 1 error, 3 left on base; Los Angeles (NYP) 0 - Brooklyn 1
BOTTOM OF THE 3RD
Brooklyn Cyclones batting - Pitching for Los Angeles (NYP) Dodgers : LHP Mario Arango
Batting: RHB Rob Bly 0-0: Called Strike
0-1: Ball
1-1: Swinging Strike
1-2: Foul Ball, location: 2F
1-2: Foul Ball, location: 2F
1-2: Strikes out swinging
Batting: LHB Tom Prayer 0-0: Ball
1-0: Swinging Strike
1-1: Ball
2-1: Called Strike
2-2: Ball
3-2: Strikes out swinging
Batting: RHB Victor Roca 0-0: Foul Ball, location: 2F
0-1: Ball
1-1: Called Strike
1-2: Foul Ball, location: 2F
1-2: Strikes out swinging
Bottom of the 3rd over - 0 runs, 0 hits, 0 errors, 0 left on base; Los Angeles (NYP) 0 - Brooklyn 1
TOP OF THE 4TH
Los Angeles (NYP) Dodgers batting - Pitching for Brooklyn Cyclones : RHP Nate LaCava
Batting: RHB Jonathan Kirsch 0-0: Ball
1-0: Foul Ball, location: 2F
1-1: Swinging Strike
1-2: Ball
2-2: Ball
3-2: Ground out 1-3 (Groundball, 15S, EV 70.0 MPH)
Batting: LHB Nate Kee 0-0: Ball
1-0: Swinging Strike
1-1: Called Strike
1-2: Strikes out swinging
Batting: RHB Justin Curran 0-0: Ball
1-0: Ball
2-0: Swinging Strike
2-1: Foul Ball, location: 2F
2-2: Strikes out looking
Top of the 4th over - 0 runs, 0 hits, 0 errors, 0 left on base; Los Angeles (NYP) 0 - Brooklyn 1
BOTTOM OF THE 4TH
Brooklyn Cyclones batting - Pitching for Los Angeles (NYP) Dodgers : LHP Mario Arango
Batting: SHB Alex Cavazos 0-0: Ground out 1-3 (Groundball, 13S, EV 66.2 MPH)
Batting: RHB Tomas Raya 0-0: Ball
1-0: Ground out 5-3 (Groundball, 5S, EV 86.2 MPH)
Batting: RHB David Kunze 0-0: Ball
1-0: Ball
2-0: Called Strike
2-1: Ball
3-1: Base on Balls
Batting: RHB Chris Artz 0-0: Fielders Choice at 2nd, 6-4 (Groundball, 6, EV 90.6 MPH)
Bottom of the 4th over - 0 runs, 0 hits, 0 errors, 1 left on base; Los Angeles (NYP) 0 - Brooklyn 1
TOP OF THE 5TH
Los Angeles (NYP) Dodgers batting - Pitching for Brooklyn Cyclones : RHP Nate LaCava
Batting: RHB Joel Escalera 0-0: Ball
SINGLE, rundown, safe at 1st
Batting: SHB Josh Vaill 0-0: Called Strike
0-1: Foul Ball, location: 2F
0-2: Ball
1-2: Strikes out swinging
Batting: RHB Roberto Monzon 0-0: Ball
1-0: Ball
2-0: Fly out, F4 (Line Drive, 4, EV 65.0 MPH)
Batting: RHB Mike Dodson 0-0: Ball
1-0: Ball
2-0: Ball
3-0: Base on Balls
Joel Escalera to second
Batting: LHB Antonio Fierros 0-0: Swinging Strike
0-1: Ball
1-1: Ground out 6-3 (Groundball, 6S, EV 81.2 MPH)
Top of the 5th over - 0 runs, 1 hit, 0 errors, 2 left on base; Los Angeles (NYP) 0 - Brooklyn 1
BOTTOM OF THE 5TH
Brooklyn Cyclones batting - Pitching for Los Angeles (NYP) Dodgers : LHP Mario Arango
Batting: RHB Mike Hanks 0-0: Ball
1-0: SINGLE (Line Drive, 34, EV 98.8 MPH)
Batting: RHB Louwe Starmans 0-0: Ball
1-0: Ground out 5-3 (Groundball, 56S, EV 84.4 MPH)
Mike Hanks to second
Batting: RHB Rob Bly 0-0: Ball
1-0: Swinging Strike
1-1: Ball
2-1: Foul Ball, location: 2F
2-2: Ground out 5-3 (Groundball, 56S, EV 90.6 MPH)
Batting: LHB Tom Prayer 0-0: Ground out 6-3 (Groundball, 6, EV 98.8 MPH)
Bottom of the 5th over - 0 runs, 1 hit, 0 errors, 1 left on base; Los Angeles (NYP) 0 - Brooklyn 1
TOP OF THE 6TH
Los Angeles (NYP) Dodgers batting - Pitching for Brooklyn Cyclones : RHP Nate LaCava
Batting: SHB Justin Toth 0-0: Foul Ball, location: 2F
0-1: Ball
1-1: Foul Ball, location: 2F
1-2: Foul Ball, location: 2F
1-2: Strikes out swinging
Batting: RHB Jonathan Kirsch 0-0: Ball
1-0: Ball
2-0: Fly out, F3 (Popup, 3SF, EV 80.6 MPH)
Batting: LHB Nate Kee 0-0: Swinging Strike
0-1: Ball
1-1: Ball
2-1: Swinging Strike
2-2: Ball
3-2: Ground out U3 (Groundball, 3, EV 80.6 MPH)
Top of the 6th over - 0 runs, 0 hits, 0 errors, 0 left on base; Los Angeles (NYP) 0 - Brooklyn 1
BOTTOM OF THE 6TH
Brooklyn Cyclones batting - Pitching for Los Angeles (NYP) Dodgers : LHP Mario Arango
Batting: RHB Victor Roca 0-0: Ball
1-0: SINGLE (Line Drive, 56, EV 93.8 MPH)
Batting: SHB Alex Cavazos 0-0: Ball
1-0: Called Strike
1-1: Ball
2-1: Fly out, F5 (Line Drive, 5, EV 71.2 MPH)
Batting: RHB Tomas Raya 0-0: Ball
1-0: Ball
2-0: SINGLE (Groundball, 5D, EV 110.0 MPH)
Victor Roca to second
Batting: RHB David Kunze 0-0: Ball
1-0: Ball
2-0: Swinging Strike
2-1: Ball
Victor Roca steals 3rd base
Tomas Raya to second
3-1: Swinging Strike
3-2: Foul Ball, location: 2F
3-2: Base on Balls
Batting: RHB Chris Artz 0-0: Called Strike
0-1: Grounds into fielders choice 5-2 (Groundball, 56S, EV 95.0 MPH)
Tomas Raya to third
David Kunze to second
Batting: RHB Mike Hanks 0-0: Foul Ball, location: 2F
0-1: DOUBLE (Line Drive, 89D, EV 100.0 MPH)
Tomas Raya scores
David Kunze scores
Chris Artz to third
Batting: RHB Louwe Starmans 0-0: Called Strike
0-1: Ball
1-1: Called Strike
1-2: Foul Ball, location: 2F
1-2: Ground out 1-3 (Groundball, 15S, EV 65.0 MPH)
Bottom of the 6th over - 2 runs, 3 hits, 0 errors, 2 left on base; Los Angeles (NYP) 0 - Brooklyn 3
TOP OF THE 7TH
Los Angeles (NYP) Dodgers batting - Pitching for Brooklyn Cyclones : RHP Nate LaCava
Batting: RHB Justin Curran 0-0: Ball
1-0: Foul Ball, location: 2F
1-1: Foul Ball, location: 2F
1-2: Strikes out swinging
Pitching: RHP David Peacock
Batting: RHB Joel Escalera 0-0: Fly out, F8 (Flyball, 8LM, EV 70.6 MPH)
Batting: SHB Josh Vaill 0-0: Ground out 3-1 (Groundball, 34S, EV 81.9 MPH)
Top of the 7th over - 0 runs, 0 hits, 0 errors, 0 left on base; Los Angeles (NYP) 0 - Brooklyn 3
BOTTOM OF THE 7TH
Brooklyn Cyclones batting - Pitching for Los Angeles (NYP) Dodgers : LHP Mario Arango
Batting: RHB Rob Bly 0-0: Ball
1-0: Ball
2-0: Ball
3-0: Base on Balls
Pitching: RHP Juan Isidro
Batting: LHB Tom Prayer 0-0: Ball
1-0: Sac Bunt to P - play at first, batter OUT! 1-4
Rob Bly to second
Batting: RHB Victor Roca 0-0: Ball
1-0: Ball
Passed Ball!
Rob Bly to third
Balk!
Rob Bly scores
2-0: Swinging Strike
2-1: Foul Ball, location: 2F
2-2: Ball
3-2: Strikes out swinging
Batting: SHB Alex Cavazos 0-0: Ball
1-0: SINGLE (Line Drive, 9S, EV 92.5 MPH)
Batting: RHB Tomas Raya 0-0: Foul Ball, location: 2F
0-1: Fly out, F2 (Popup, 2RF, EV 96.2 MPH)
Bottom of the 7th over - 1 run, 1 hit, 0 errors, 1 left on base; Los Angeles (NYP) 0 - Brooklyn 4
TOP OF THE 8TH
Los Angeles (NYP) Dodgers batting - Pitching for Brooklyn Cyclones : RHP David Peacock
Batting: RHB Roberto Monzon 0-0: SINGLE (Groundball, 56S, EV 72.5 MPH) (infield hit)
Batting: RHB Mike Dodson 0-0: Swinging Strike
0-1: Ball
1-1: Ball
2-1: Called Strike
2-2: Ball
3-2: Fly out, F9 (Flyball, 9LS, EV 95.6 MPH)
Batting: LHB Antonio Fierros 0-0: Called Strike
0-1: Foul Ball, location: 2F
0-2: Ball
1-2: Ball
2-2: Strikes out swinging
Batting: SHB Justin Toth 0-0: Swinging Strike
0-1: Foul Ball, location: 2F
0-2: Strikes out swinging
Top of the 8th over - 0 runs, 1 hit, 0 errors, 1 left on base; Los Angeles (NYP) 0 - Brooklyn 4
BOTTOM OF THE 8TH
Brooklyn Cyclones batting - Pitching for Los Angeles (NYP) Dodgers : RHP Juan Isidro
Batting: RHB David Kunze 0-0: Ball
1-0: Ball
2-0: Foul Ball, location: 2F
2-1: Ball
3-1: Foul Ball, location: 2F
3-2: Base on Balls
Batting: RHB Chris Artz 0-0: Ball
1-0: Bunt missed!
1-1: Sac Bunt to 25 - play at first, batter OUT! 5-4
David Kunze to second
Batting: RHB Mike Hanks 0-0: Ball
1-0: Swinging Strike
1-1: 2-RUN HOME RUN (Line Drive, 78XD, EV 111.2 MPH), Distance : 429 ft
Batting: RHB Louwe Starmans 0-0: Fly out, F8 (Flyball, 78M, EV 98.8 MPH)
Batting: RHB Rob Bly 0-0: Foul Ball, location: 2F
0-1: Ball
1-1: Fly out, F2 (Popup, 3SF, EV 81.9 MPH)
Bottom of the 8th over - 2 runs, 1 hit, 0 errors, 0 left on base; Los Angeles (NYP) 0 - Brooklyn 6
TOP OF THE 9TH
Los Angeles (NYP) Dodgers batting - Pitching for Brooklyn Cyclones : RHP David Peacock
Batting: RHB Jonathan Kirsch 0-0: Ball
1-0: Ball
2-0: Called Strike
2-1: Foul Ball, location: 2F
2-2: Foul Ball, location: 2F
2-2: Ground out 6-3 (Groundball, 6, EV 79.4 MPH)
Batting: LHB Nate Kee 0-0: Foul Ball, location: 2F
0-1: Ball
1-1: Foul Ball, location: 2F
1-2: Hit by Pitch
Pitching: RHP Jose Lara
Batting: RHB Justin Curran 0-0: Foul Ball, location: 2F
0-1: Foul Ball, location: 2F
0-2: Strikes out swinging
Batting: RHB Joel Escalera 0-0: Ball
1-0: Ball
2-0: SINGLE (Line Drive, 6D, EV 105.0 MPH)
Nate Kee to second
Batting: SHB Josh Vaill 0-0: Ball
1-0: Foul Ball, location: 2F
1-1: Called Strike
1-2: Foul Ball, location: 2F
1-2: Strikes out swinging
Top of the 9th over - 0 runs, 1 hit, 0 errors, 2 left on base; Los Angeles (NYP) 0 - Brooklyn 6
Wednesday, June 22nd , 2022 - OOTP Baseball 23.4 Build 64